Chicago Black Hawks vs Vancouver Canucks
Created - Monday, February 19, 2024 at 07:02
Goals
|
| Chicago Black Hawks |
1 |
3 |
1 |
5 |
| Vancouver Canucks |
0 |
1 |
1 |
2 |
|
Shots
|
| Chicago Black Hawks |
13 |
11 |
20 |
44 |
| Vancouver Canucks |
10 |
14 |
5 |
29 |
|
1st period
1. Chicago Black Hawks , Patrice Bergeron 7 (Kirby Dach 10) at 10:09
Penalties :
Conor Sheary (CHI) for Roughing (Minor) at 4:41, Kevin Fiala (CHI) for Hooking (Minor) at 18:33
2nd period
2. Chicago Black Hawks , Kevin Fiala 3 (Frederick Gaudreau 3) at 1:35
3. Chicago Black Hawks , Bo Horvat 6 (Vincent Trocheck 6) at 5:26
4. Chicago Black Hawks , Nicholas Paul 4 (Shane Pinto 1, Michael Rasmussen 2) at 8:04
5. Vancouver Canucks , Artturi Lehkonen 7 (Kasperi Kapanen 3) at 18:47 (PP)
Penalties :
Kasperi Kapanen (VAN) for Fighting (Major) at 9:29, Vincent Trocheck (CHI) for Fighting (Major) at 9:29, Brent Burns (CHI) for Tripping (Minor) at 18:11
3rd period
6. Vancouver Canucks , Taylor Raddysh 3 (Aleksander Barkov 6, Kasperi Kapanen 4) at 7:11
7. Chicago Black Hawks , Cale Makar 2 (Patrice Bergeron 14) at 9:13 (PP)
Penalties :
Adam Boqvist (VAN) for Tripping (Minor) at 8:21, Devon Toews (CHI) for Interference (Minor) at 9:37, Jesperi Kotkaniemi (VAN) for Charging (Minor) at 15:20, Cale Makar (CHI) for Hooking (Minor) at 18:37
Goalie Stats
Thatcher Demko (CHI), 27 saves from 29 shots - (0.931), W, 10-0-0, 60:00 minutes
Ville Husso (VAN), 39 saves from 44 shots - (0.886), L, 0-4-0, 60:00 minutes
Players Stats for Chicago Black Hawks
Player Name G A P +/- PIM S H SB GA TA FO MP PP MP PK MP
------------------------------------------------------------------------------------
Barrett Hayton 0 0 0 0 0 3 3 2 0 0 0/3 19:10 1:26 3:52
Bo Horvat 1 0 1 1 0 2 1 0 0 0 9/10 15:02 1:25 0:00
Brent Burns 0 0 0 0 2 4 0 2 0 0 0/0 24:28 1:06 2:59
Cale Makar 1 0 1 1 2 2 1 0 0 0 0/0 21:18 1:45 0:32
Conor Sheary 0 0 0 -1 2 2 2 0 0 0 0/1 12:30 0:00 0:00
Devon Toews 0 0 0 1 2 3 1 0 0 0 0/0 21:07 1:45 3:34
Frederick Gaudreau 0 1 1 2 0 1 0 0 0 0 1/1 9:50 0:00 3:52
Jaden Schwartz 0 0 0 -1 0 1 0 0 0 0 1/1 12:51 0:00 0:32
Kevin Fiala 1 0 1 2 2 5 2 0 1 0 0/0 16:04 1:25 0:00
Kirby Dach 0 1 1 1 0 4 2 0 1 0 0/0 16:36 1:26 0:00
Marcus Pettersson 0 0 0 1 0 1 2 0 0 0 0/0 15:35 0:00 1:07
Michael Rasmussen 0 1 1 1 0 0 0 1 0 0 0/0 11:26 0:00 3:51
Nicholas Paul 1 0 1 0 0 3 0 0 1 0 7/11 17:12 0:00 0:11
Patrice Bergeron 1 1 2 2 0 8 3 2 0 0 10/15 21:02 1:26 3:32
Seth Jones 0 0 0 1 0 0 1 1 0 0 0/0 17:40 1:06 2:49
Shane Pinto 0 1 1 1 0 2 0 0 0 0 1/5 6:54 0:00 0:00
Travis Sanheim 0 0 0 2 0 0 0 3 0 1 0/0 19:57 0:00 4:49
Vincent Trocheck 0 1 1 1 5 3 3 2 1 0 0/1 13:17 1:25 0:00
Players Stats for Vancouver Canucks
Player Name G A P +/- PIM S H SB GA TA FO MP PP MP PK MP
------------------------------------------------------------------------------------
Adam Boqvist 0 0 0 -2 2 2 2 0 0 2 0/0 19:07 3:32 1:11
Aleksander Barkov 0 1 1 1 0 2 3 0 0 0 4/14 17:51 4:01 1:21
Anton Lundell 0 0 0 1 0 2 0 0 0 0 0/0 12:45 0:02 0:04
Artturi Lehkonen 1 0 1 -1 0 3 4 2 0 0 0/0 20:36 3:54 1:26
Casey Mittelstadt 0 0 0 -3 0 3 2 0 1 1 5/11 15:47 3:52 0:04
Chad Ruhwedel 0 0 0 -1 0 0 1 2 0 0 0/0 20:51 3:32 1:26
Clayton Keller 0 0 0 0 0 1 0 0 0 0 0/5 19:34 4:01 1:26
Jacob Bryson 0 0 0 0 0 0 0 3 0 0 0/0 15:10 0:00 0:15
Jake Bean 0 0 0 -1 0 0 0 2 0 0 0/0 13:27 0:00 0:00
Jesperi Kotkaniemi 0 0 0 -1 2 2 0 0 0 0 2/4 11:11 0:00 0:00
Kasperi Kapanen 0 2 2 -3 5 1 1 1 0 0 0/1 14:08 3:52 0:00
Mikko Rantanen 0 0 0 0 0 4 3 0 0 0 8/12 19:07 4:01 1:21
Miro Heiskanen 0 0 0 -1 0 0 2 1 0 0 0/0 25:42 4:23 1:25
Noah Cates 0 0 0 -2 0 1 1 0 0 0 0/1 10:42 0:00 0:00
Noah Hanifin 0 0 0 -1 0 2 4 1 0 0 0/0 25:42 4:23 1:25
Robby Fabbri 0 0 0 -1 0 2 1 3 0 0 0/0 11:08 0:00 0:00
Sam Lafferty 0 0 0 -1 0 0 0 1 0 1 0/0 11:08 0:00 0:00
Taylor Raddysh 1 0 1 1 0 4 1 0 0 0 0/0 13:10 0:02 0:00
3 Stars
1 - Patrice Bergeron (CHI)
2 - Bo Horvat (CHI)
3 - Kevin Fiala (CHI)
Power Play
Chicago Black Hawks - 1 on 2 Attempt(s) - 50.00%
Vancouver Canucks - 1 on 5 Attempt(s) - 20.00%
Penalty Kill
Chicago Black Hawks - 4 on 5 Attempt(s) - 80.00%
- Score 0 goal in Penalty Kill
Vancouver Canucks - 1 on 2 Attempt(s) - 50.00%
- Score 0 goal in Penalty Kill
Team Stat
Chicago Black Hawks - Hits : 21 - Faceoff Wins : 29 - Blocked Shots : 13 - Penalty Minutes : 15
Vancouver Canucks - Hits : 25 - Faceoff Wins : 19 - Blocked Shots : 16 - Penalty Minutes : 9
Official
Referees : Dave Jackson and Tim Peel
Linesman : Mark Shewchyk and Don Henderson
Game Notes
Vincent Trocheck beats up Kasperi Kapanen at 9:29 of 2nd period
Bo Horvat is injured at 17:20 of 3rd period (Bruised Left Shoulder)
Finance
Level 1 -- Attendance: 4922 (82.03%) -- Ticket Income $487,278
Level 2 -- Attendance: 4176 (83.52%) -- Ticket Income $246,384
Level 3 -- Attendance: 2637 (87.90%) -- Ticket Income $89,658
Level 4 -- Attendance: 4020 (80.40%) -- Ticket Income $96,480
Luxury Box -- Attendance: 850 (85.00%) -- Ticket Income $169,150
Game was played at the Rogers Arena.
Total Attendance: 16605 (83.03%)
Total Ticket Income: $1,088,950
Other Income: $381,132
Total Income: $1,470,082
Chicago Black Hawks
5 vs 5 Forward
Center Left Wing Right Wing Time % Phy DF OF
1 Bo Horvat Kevin Fiala Vincent Trocheck 30 1 2 2
2 Patrice Bergeron Barrett Hayton Kirby Dach 30 1 2 2
3 Nicholas Paul Jaden Schwartz Conor Sheary 25 1 2 2
4 Shane Pinto Michael Rasmussen Nicholas Paul 15 1 2 2
5 vs 5 Defense
Defense Defense Time % Phy DF OF
1 Cale Makar Seth Jones 30 0 3 2
2 Brent Burns Devon Toews 30 1 3 1
3 Travis Sanheim Marcus Pettersson 25 0 4 1
4 Cale Makar Brent Burns 15 0 3 2
PowerPlay Forward
Center Left Wing Right Wing Time % Phy DF OF
1 Bo Horvat Kevin Fiala Vincent Trocheck 50 0 0 5
2 Patrice Bergeron Barrett Hayton Kirby Dach 50 0 0 5
PowerPlay Defense
Defense Defense Time % Phy DF OF
1 Brent Burns Seth Jones 50 0 1 4
2 Cale Makar Devon Toews 50 0 1 4
Penalty Kill 4 Players Forward
Center Wing Time % Phy DF OF
1 Patrice Bergeron Frederick Gaudreau 50 0 5 0
2 Barrett Hayton Michael Rasmussen 50 0 5 0
Penalty Kill 4 Players Defense
Defense Defense Time % Phy DF OF
1 Devon Toews Travis Sanheim 50 0 5 0
2 Brent Burns Seth Jones 50 0 5 0
Penalty Kill - 3 Players Forward
Forward Time % Phy DF OF
1 Bo Horvat 50 0 5 0
2 Frederick Gaudreau 50 0 5 0
Penalty Kill - 3 Players Defense
Defense Defense Time % Phy DF OF
1 Marcus Pettersson Seth Jones 50 0 5 0
2 Travis Sanheim Devon Toews 50 0 5 0
4 vs 4 Forward
Center Wing Time % Phy DF OF
1 Vincent Trocheck Frederick Gaudreau 50 1 2 2
2 Shane Pinto Kevin Fiala 50 1 2 2
4 vs 4 Defense
Defense Defense Time % Phy DF OF
1 Devon Toews Travis Sanheim 50 1 3 1
2 Marcus Pettersson Cale Makar 50 0 4 1
Last Minutes Offensive
Center Left Wing Right Wing Defense Defense
Bo Horvat Kevin Fiala Vincent Trocheck Cale Makar Seth Jones
Last Minutes Defensive
Center Left Wing Right Wing Defense Defense
Bo Horvat Kevin Fiala Vincent Trocheck Cale Makar Seth Jones
Goaltenders
Starting : Thatcher Demko
Backup : Jordan Binnington
Extra Forwards
Normal : Frederick Gaudreau, Nicholas Paul, Jaden Schwartz - PP : Frederick Gaudreau, Nicholas Paul - PK : Jaden Schwartz
Extra Defensemen
Normal : Travis Sanheim, Marcus Pettersson, Brent Burns - PP : Travis Sanheim - PK : Marcus Pettersson, Brent Burns
Penalty Shots
Bo Horvat, Patrice Bergeron, Vincent Trocheck, Kevin Fiala, Barrett Hayton
Vancouver Canucks
5 vs 5 Forward
Center Left Wing Right Wing Time % Phy DF OF
1 Mikko Rantanen Artturi Lehkonen Clayton Keller 30 1 2 2
2 Aleksander Barkov Anton Lundell Taylor Raddysh 30 1 2 2
3 Casey Mittelstadt Noah Cates Kasperi Kapanen 25 1 2 2
4 Jesperi Kotkaniemi Robby Fabbri Sam Lafferty 15 1 2 2
5 vs 5 Defense
Defense Defense Time % Phy DF OF
1 Noah Hanifin Miro Heiskanen 30 1 2 2
2 Jacob Bryson Chad Ruhwedel 30 1 2 2
3 Jake Bean Adam Boqvist 25 1 2 2
4 Noah Hanifin Miro Heiskanen 15 1 2 2
PowerPlay Forward
Center Left Wing Right Wing Time % Phy DF OF
1 Aleksander Barkov Clayton Keller Mikko Rantanen 50 1 2 2
2 Casey Mittelstadt Artturi Lehkonen Kasperi Kapanen 50 1 2 2
PowerPlay Defense
Defense Defense Time % Phy DF OF
1 Noah Hanifin Miro Heiskanen 50 1 2 2
2 Chad Ruhwedel Adam Boqvist 50 1 2 2
Penalty Kill 4 Players Forward
Center Wing Time % Phy DF OF
1 Aleksander Barkov Mikko Rantanen 50 1 2 2
2 Clayton Keller Artturi Lehkonen 50 1 2 2
Penalty Kill 4 Players Defense
Defense Defense Time % Phy DF OF
1 Noah Hanifin Miro Heiskanen 50 1 2 2
2 Chad Ruhwedel Adam Boqvist 50 1 2 2
Penalty Kill - 3 Players Forward
Forward Time % Phy DF OF
1 Aleksander Barkov 50 1 2 2
2 Mikko Rantanen 50 1 2 2
Penalty Kill - 3 Players Defense
Defense Defense Time % Phy DF OF
1 Noah Hanifin Miro Heiskanen 50 1 2 2
2 Chad Ruhwedel Adam Boqvist 50 1 2 2
4 vs 4 Forward
Center Wing Time % Phy DF OF
1 Aleksander Barkov Mikko Rantanen 50 1 2 2
2 Clayton Keller Artturi Lehkonen 50 1 2 2
4 vs 4 Defense
Defense Defense Time % Phy DF OF
1 Noah Hanifin Miro Heiskanen 50 1 2 2
2 Chad Ruhwedel Adam Boqvist 50 1 2 2
Last Minutes Offensive
Center Left Wing Right Wing Defense Defense
Aleksander Barkov Clayton Keller Mikko Rantanen Noah Hanifin Miro Heiskanen
Last Minutes Defensive
Center Left Wing Right Wing Defense Defense
Aleksander Barkov Clayton Keller Mikko Rantanen Noah Hanifin Miro Heiskanen
Goaltenders
Starting : Ville Husso
Backup : Joonas Korpisalo
Extra Forwards
Normal : Taylor Raddysh, Anton Lundell, Jesperi Kotkaniemi - PP : Taylor Raddysh, Anton Lundell - PK : Jesperi Kotkaniemi
Extra Defensemen
Normal : Jake Bean, Jacob Bryson, Chad Ruhwedel - PP : Jake Bean - PK : Jacob Bryson, Chad Ruhwedel
Penalty Shots
Aleksander Barkov, Mikko Rantanen, Clayton Keller, Artturi Lehkonen, Casey Mittelstadt
% Time on Ice - Chicago Black Hawks
Lines # - Real PCT - Wanted PCT - Time Play
Normal Forward
1 - 30% - 30% - 14:40
2 - 32% - 30% - 15:50
3 - 24% - 25% - 11:50
4 - 14% - 15% - 6:54
Normal Defense
1 - 30% - 30% - 14:52
2 - 28% - 30% - 13:56
3 - 28% - 25% - 13:57
4 - 13% - 15% - 6:29
PP Forward
1 - 50% - 50% - 1:25
2 - 50% - 50% - 1:26
PP Defense
1 - 39% - 50% - 1:06
2 - 61% - 50% - 1:45
PK Forward
1 - 51% - 50% - 4:03
2 - 49% - 50% - 3:52
PK Defense
1 - 64% - 50% - 5:06
2 - 36% - 50% - 2:49
PK3 Forward
1 - 0% - 50%
2 - 0% - 50%
PK3 Defense
1 - 0% - 50%
2 - 0% - 50%
44 Forward
1 - 0% - 50%
2 - 0% - 50%
44 Defense
1 - 0% - 50%
2 - 0% - 50%
Last Minute Offensive - 0:00
Last Minute Defensive - 0:00
Total
Forward - 60:00
Defense - 60:00
|
% Time on Ice - Vancouver Canucks
Lines # - Real PCT - Wanted PCT - Time Play
Normal Forward
1 - 28% - 30% - 13:46
2 - 28% - 30% - 13:38
3 - 22% - 25% - 10:42
4 - 23% - 15% - 11:08
Normal Defense
1 - 29% - 30% - 14:07
2 - 32% - 30% - 15:53
3 - 27% - 25% - 13:27
4 - 12% - 15% - 5:47
PP Forward
1 - 51% - 50% - 4:01
2 - 49% - 50% - 3:54
PP Defense
1 - 55% - 50% - 4:23
2 - 45% - 50% - 3:32
PK Forward
1 - 50% - 50% - 1:25
2 - 50% - 50% - 1:26
PK Defense
1 - 50% - 50% - 1:25
2 - 50% - 50% - 1:26
PK3 Forward
1 - 0% - 50%
2 - 0% - 50%
PK3 Defense
1 - 0% - 50%
2 - 0% - 50%
44 Forward
1 - 0% - 50%
2 - 0% - 50%
44 Defense
1 - 0% - 50%
2 - 0% - 50%
Last Minute Offensive - 0:00
Last Minute Defensive - 0:00
Total
Forward - 60:00
Defense - 60:00
|
Play-by-Play
1st period
0:01 of 1st period - Bo Horvat wins face-off versus Clayton Keller in neutral zone.
0:26 of 1st period - Noah Hanifin is hit by Barrett Hayton and loses puck.
0:33 of 1st period - Snap shot by Kirby Dach.
0:33 of 1st period - Shot Blocked by Noah Hanifin.
0:35 of 1st period - Snap shot by Kirby Dach.
0:35 of 1st period - Stopped by Ville Husso with a rebound.
0:53 of 1st period - Snap shot by Shane Pinto.
0:53 of 1st period - Stopped by Ville Husso without a rebound.
0:54 of 1st period - Casey Mittelstadt wins face-off versus Shane Pinto in Vancouver Canucks zone.
1:09 of 1st period - Wrist shot by Shane Pinto.
1:09 of 1st period - Shot Blocked by Chad Ruhwedel.
1:53 of 1st period - Snap shot by Jake Bean.
1:53 of 1st period - Shot Blocked by Vincent Trocheck.
3:14 of 1st period - Jacob Bryson is hit by Devon Toews and loses puck.
4:16 of 1st period - Icing by Noah Hanifin.
4:17 of 1st period - Patrice Bergeron wins face-off versus Jesperi Kotkaniemi in Vancouver Canucks zone.
4:18 of 1st period - Wrist shot by Barrett Hayton.
4:18 of 1st period - Shot Blocked by Robby Fabbri.
4:30 of 1st period - Snap shot by Robby Fabbri.
4:30 of 1st period - Stopped by Thatcher Demko with a rebound.
4:32 of 1st period - Slapshot by Sam Lafferty.
4:32 of 1st period - Shot Misses the Net.
4:34 of 1st period - Slapshot by Sam Lafferty.
4:34 of 1st period - Shot Misses the Net.
4:36 of 1st period - Slapshot by Noah Hanifin.
4:36 of 1st period - Stopped by Thatcher Demko with a rebound.
4:38 of 1st period - Slapshot by Noah Hanifin.
4:38 of 1st period - Stopped by Thatcher Demko without a rebound.
4:39 of 1st period - Nicholas Paul wins face-off versus Aleksander Barkov in Chicago Black Hawks zone.
4:41 of 1st period - Minor Penalty to Conor Sheary for Roughing.
4:42 of 1st period - Frederick Gaudreau wins face-off versus Aleksander Barkov in Chicago Black Hawks zone.
4:54 of 1st period - Wrist shot by Aleksander Barkov.
4:54 of 1st period - Stopped by Thatcher Demko with a rebound.
6:41 of 1st period - Penalty to Conor Sheary is over, Conor Sheary is back on ice.
6:47 of 1st period - Icing by Barrett Hayton.
6:48 of 1st period - Jesperi Kotkaniemi wins face-off versus Barrett Hayton in Chicago Black Hawks zone.
7:03 of 1st period - Marcus Pettersson is hit by Robby Fabbri and loses puck.
7:10 of 1st period - Sam Lafferty is hit by Barrett Hayton.
7:21 of 1st period - Slapshot by Robby Fabbri.
7:21 of 1st period - Deflect By Jesperi Kotkaniemi.
7:21 of 1st period - Stopped by Thatcher Demko without a rebound.
7:22 of 1st period - Mikko Rantanen wins face-off versus Bo Horvat in Chicago Black Hawks zone.
8:21 of 1st period - Off-side.
8:22 of 1st period - Patrice Bergeron wins face-off versus Jesperi Kotkaniemi in neutral zone.
8:27 of 1st period - Slapshot by Patrice Bergeron.
8:27 of 1st period - Shot Misses the Net.
8:29 of 1st period - Slapshot by Frederick Gaudreau.
8:29 of 1st period - Shot Misses the Net.
8:31 of 1st period - Slapshot by Patrice Bergeron.
8:31 of 1st period - Shot Misses the Net.
8:47 of 1st period - Backhand shot by Patrice Bergeron.
8:47 of 1st period - Shot Misses the Net.
8:49 of 1st period - Slapshot by Brent Burns.
8:49 of 1st period - Stopped by Ville Husso with a rebound.
8:51 of 1st period - Wrist shot by Kirby Dach.
8:51 of 1st period - Stopped by Ville Husso with a rebound.
8:53 of 1st period - Wrist shot by Patrice Bergeron.
8:53 of 1st period - Shot Misses the Net.
8:55 of 1st period - Snap shot by Kirby Dach.
8:55 of 1st period - Stopped by Ville Husso with a rebound.
8:57 of 1st period - Snap shot by Frederick Gaudreau.
8:57 of 1st period - Shot Blocked by Robby Fabbri.
9:23 of 1st period - Wrist shot by Patrice Bergeron.
9:23 of 1st period - Stopped by Ville Husso with a rebound.
9:25 of 1st period - Backhand shot by Patrice Bergeron.
9:25 of 1st period - Shot Misses the Net.
9:27 of 1st period - Snap shot by Frederick Gaudreau.
9:27 of 1st period - Shot Blocked by Jake Bean.
9:29 of 1st period - Slapshot by Brent Burns.
9:29 of 1st period - Stopped by Ville Husso with a rebound.
9:31 of 1st period - Slapshot by Devon Toews.
9:31 of 1st period - Deflect By Sam Lafferty.
9:31 of 1st period - Stopped by Ville Husso with a rebound.
9:33 of 1st period - Slapshot by Frederick Gaudreau.
9:33 of 1st period - Shot Blocked by Jake Bean.
9:35 of 1st period - Wrist shot by Frederick Gaudreau.
9:35 of 1st period - Stopped by Ville Husso with a rebound.
9:37 of 1st period - Wrist shot by Patrice Bergeron.
9:37 of 1st period - Stopped by Ville Husso with a rebound.
9:43 of 1st period - Snap shot by Kirby Dach.
9:43 of 1st period - Shot Misses the Net.
9:45 of 1st period - Wrist shot by Brent Burns.
9:45 of 1st period - Shot Blocked by Sam Lafferty.
10:09 of 1st period - Snap shot by Patrice Bergeron.
10:09 of 1st period - Goal by Patrice Bergeron - Chicago Black Hawks : 1 - Vancouver Canucks : 0.
10:10 of 1st period - Mikko Rantanen wins face-off versus Nicholas Paul in neutral zone.
10:37 of 1st period - Noah Hanifin is hit by Kevin Fiala and loses puck.
11:47 of 1st period - Brent Burns is hit by Noah Cates and loses puck.
12:00 of 1st period - Nicholas Paul is hit by Aleksander Barkov and loses puck.
12:07 of 1st period - Jacob Bryson is hit by Conor Sheary and loses puck.
12:18 of 1st period - Wrist shot by Aleksander Barkov.
12:18 of 1st period - Stopped by Thatcher Demko with a rebound.
12:20 of 1st period - Slapshot by Chad Ruhwedel.
12:20 of 1st period - Deflect By Artturi Lehkonen.
12:20 of 1st period - Stopped by Thatcher Demko with a rebound.
13:41 of 1st period - Travis Sanheim is hit by Kasperi Kapanen and loses puck.
13:54 of 1st period - Brent Burns is hit by Mikko Rantanen and loses puck.
14:07 of 1st period - Patrice Bergeron is hit by Taylor Raddysh.
14:17 of 1st period - Jake Bean is hit by Vincent Trocheck and loses puck.
14:44 of 1st period - Travis Sanheim is hit by Chad Ruhwedel and loses puck.
15:06 of 1st period - Marcus Pettersson is hit by Aleksander Barkov and loses puck.
15:16 of 1st period - Icing by Adam Boqvist.
15:17 of 1st period - Jaden Schwartz wins face-off versus Aleksander Barkov in Vancouver Canucks zone.
15:20 of 1st period - Snap shot by Nicholas Paul.
15:20 of 1st period - Shot Misses the Net.
15:22 of 1st period - Snap shot by Nicholas Paul.
15:22 of 1st period - Stopped by Ville Husso with a rebound.
15:24 of 1st period - Snap shot by Jaden Schwartz.
15:24 of 1st period - Shot Misses the Net.
15:26 of 1st period - Slapshot by Nicholas Paul.
15:26 of 1st period - Shot Misses the Net.
15:38 of 1st period - Snap shot by Clayton Keller.
15:38 of 1st period - Shot Misses the Net.
15:41 of 1st period - Icing by Cale Makar.
15:42 of 1st period - Bo Horvat wins face-off versus Clayton Keller in Chicago Black Hawks zone.
15:42 of 1st period - Bo Horvat is hit by Artturi Lehkonen.
16:04 of 1st period - Slapshot by Bo Horvat.
16:04 of 1st period - Shot Misses the Net.
16:28 of 1st period - Slapshot by Conor Sheary.
16:28 of 1st period - Shot Blocked by Chad Ruhwedel.
17:04 of 1st period - Backhand shot by Aleksander Barkov.
17:04 of 1st period - Shot Misses the Net.
17:06 of 1st period - Wrist shot by Chad Ruhwedel.
17:06 of 1st period - Shot Misses the Net.
17:08 of 1st period - Slapshot by Jacob Bryson.
17:08 of 1st period - Shot Blocked by Patrice Bergeron.
17:10 of 1st period - Slapshot by Chad Ruhwedel.
17:10 of 1st period - Shot Blocked by Barrett Hayton.
17:12 of 1st period - Snap shot by Anton Lundell.
17:12 of 1st period - Stopped by Thatcher Demko with a rebound.
17:14 of 1st period - Slapshot by Taylor Raddysh.
17:14 of 1st period - Shot Blocked by Brent Burns.
17:40 of 1st period - Snap shot by Taylor Raddysh.
17:40 of 1st period - Shot Misses the Net.
17:48 of 1st period - Wrist shot by Taylor Raddysh.
17:48 of 1st period - Stopped by Thatcher Demko without a rebound.
17:49 of 1st period - Nicholas Paul wins face-off versus Mikko Rantanen in Chicago Black Hawks zone.
17:54 of 1st period - Snap shot by Conor Sheary.
17:54 of 1st period - Stopped by Ville Husso with a rebound.
18:04 of 1st period - Snap shot by Clayton Keller.
18:04 of 1st period - Stopped by Thatcher Demko with a rebound.
18:06 of 1st period - Wrist shot by Mikko Rantanen.
18:06 of 1st period - Shot Misses the Net.
18:33 of 1st period - Minor Penalty to Kevin Fiala for Hooking.
18:34 of 1st period - Patrice Bergeron wins face-off versus Casey Mittelstadt in Chicago Black Hawks zone.
18:34 of 1st period - Patrice Bergeron is hit by Noah Hanifin.
19:00 of 1st period - Frederick Gaudreau is hit by Miro Heiskanen and loses puck.
Goals for this period are 1 for Chicago Black Hawks vs 0 for Vancouver Canucks.
Shots for this period are 13 for Chicago Black Hawks vs 10 for Vancouver Canucks.
2nd period
0:01 of 2nd period - Patrice Bergeron wins face-off versus Aleksander Barkov in neutral zone.
0:04 of 2nd period - Snap shot by Patrice Bergeron.
0:04 of 2nd period - Stopped by Ville Husso with a rebound.
0:33 of 2nd period - Penalty to Kevin Fiala is over, Kevin Fiala is back on ice.
0:37 of 2nd period - Devon Toews is hit by Casey Mittelstadt and loses puck.
1:35 of 2nd period - Snap shot by Kevin Fiala.
1:35 of 2nd period - Goal by Kevin Fiala - Chicago Black Hawks : 2 - Vancouver Canucks : 0.
1:36 of 2nd period - Nicholas Paul wins face-off versus Aleksander Barkov in neutral zone.
1:49 of 2nd period - Snap shot by Taylor Raddysh.
1:49 of 2nd period - Stopped by Thatcher Demko with a rebound.
2:08 of 2nd period - Nicholas Paul is hit by Noah Hanifin.
4:28 of 2nd period - Wrist shot by Casey Mittelstadt.
4:28 of 2nd period - Stopped by Thatcher Demko with a rebound.
4:34 of 2nd period - Wrist shot by Casey Mittelstadt.
4:34 of 2nd period - Stopped by Thatcher Demko with a rebound.
5:12 of 2nd period - Conor Sheary is hit by Artturi Lehkonen and loses puck.
5:22 of 2nd period - Icing by Mikko Rantanen.
5:23 of 2nd period - Bo Horvat wins face-off versus Casey Mittelstadt in Vancouver Canucks zone.
5:26 of 2nd period - Wrist shot by Bo Horvat.
5:26 of 2nd period - Goal by Bo Horvat - Chicago Black Hawks : 3 - Vancouver Canucks : 0.
5:27 of 2nd period - Nicholas Paul wins face-off versus Mikko Rantanen in neutral zone.
6:01 of 2nd period - Casey Mittelstadt is hit by Vincent Trocheck and loses puck.
6:18 of 2nd period - Backhand shot by Taylor Raddysh.
6:18 of 2nd period - Stopped by Thatcher Demko with a rebound.
6:20 of 2nd period - Slapshot by Adam Boqvist.
6:20 of 2nd period - Stopped by Thatcher Demko with a rebound.
6:22 of 2nd period - Slapshot by Adam Boqvist.
6:22 of 2nd period - Stopped by Thatcher Demko with a rebound.
8:02 of 2nd period - Slapshot by Shane Pinto.
8:02 of 2nd period - Stopped by Ville Husso with a rebound.
8:04 of 2nd period - Slapshot by Nicholas Paul.
8:04 of 2nd period - Goal by Nicholas Paul - Chicago Black Hawks : 4 - Vancouver Canucks : 0.
8:05 of 2nd period - Mikko Rantanen wins face-off versus Nicholas Paul in neutral zone.
8:14 of 2nd period - Snap shot by Nicholas Paul.
8:14 of 2nd period - Stopped by Ville Husso without a rebound.
8:15 of 2nd period - Mikko Rantanen wins face-off versus Conor Sheary in Vancouver Canucks zone.
8:50 of 2nd period - Mikko Rantanen is hit by Cale Makar and loses puck.
8:59 of 2nd period - Slapshot by Cale Makar.
8:59 of 2nd period - Shot Blocked by Jacob Bryson.
9:01 of 2nd period - Backhand shot by Cale Makar.
9:01 of 2nd period - Shot Blocked by Artturi Lehkonen.
9:09 of 2nd period - Artturi Lehkonen is hit by Seth Jones and loses puck.
9:18 of 2nd period - Wrist shot by Jaden Schwartz.
9:18 of 2nd period - Shot Misses the Net.
9:20 of 2nd period - Snap shot by Jaden Schwartz.
9:20 of 2nd period - Deflect By Conor Sheary.
9:20 of 2nd period - Shot Blocked by Artturi Lehkonen.
9:20 of 2nd period - Puck is out of play.
9:21 of 2nd period - Bo Horvat wins face-off versus Casey Mittelstadt in Vancouver Canucks zone.
9:24 of 2nd period - Slapshot by Kevin Fiala.
9:24 of 2nd period - Stopped by Ville Husso without a rebound.
9:25 of 2nd period - Bo Horvat wins face-off versus Casey Mittelstadt in Vancouver Canucks zone.
9:26 of 2nd period - Snap shot by Vincent Trocheck.
9:26 of 2nd period - Stopped by Ville Husso with a rebound.
9:29 of 2nd period - Vincent Trocheck beats up Kasperi Kapanen.
9:29 of 2nd period - Penalty to Kasperi Kapanen for Fighting.
9:29 of 2nd period - Penalty to Vincent Trocheck for Fighting.
9:30 of 2nd period - Casey Mittelstadt wins face-off versus Shane Pinto in neutral zone.
9:39 of 2nd period - Wrist shot by Noah Cates.
9:39 of 2nd period - Stopped by Thatcher Demko with a rebound.
9:41 of 2nd period - Slapshot by Noah Hanifin.
9:41 of 2nd period - Shot Blocked by Brent Burns.
9:43 of 2nd period - Wrist shot by Casey Mittelstadt.
9:43 of 2nd period - Shot Blocked by Michael Rasmussen.
11:57 of 2nd period - Nicholas Paul is hit by Aleksander Barkov and loses puck.
12:34 of 2nd period - Snap shot by Mikko Rantanen.
12:34 of 2nd period - Stopped by Thatcher Demko with a rebound.
13:40 of 2nd period - Icing by Adam Boqvist.
13:41 of 2nd period - Casey Mittelstadt wins face-off versus Patrice Bergeron in Vancouver Canucks zone.
14:08 of 2nd period - Jake Bean is hit by Bo Horvat.
14:37 of 2nd period - Snap shot by Cale Makar.
14:37 of 2nd period - Shot Misses the Net.
14:57 of 2nd period - Jacob Bryson is hit by Patrice Bergeron and loses puck.
15:14 of 2nd period - Taylor Raddysh is hit by Conor Sheary and loses puck.
15:29 of 2nd period - Slapshot by Mikko Rantanen.
15:29 of 2nd period - Stopped by Thatcher Demko with a rebound.
15:31 of 2nd period - Snap shot by Chad Ruhwedel.
15:31 of 2nd period - Shot Blocked by Vincent Trocheck.
15:47 of 2nd period - Chad Ruhwedel is hit by Barrett Hayton and loses puck.
15:58 of 2nd period - Backhand shot by Robby Fabbri.
15:58 of 2nd period - Stopped by Thatcher Demko without a rebound.
15:59 of 2nd period - Mikko Rantanen wins face-off versus Shane Pinto in Chicago Black Hawks zone.
16:02 of 2nd period - Wrist shot by Artturi Lehkonen.
16:02 of 2nd period - Stopped by Thatcher Demko with a rebound.
16:28 of 2nd period - Wrist shot by Patrice Bergeron.
16:28 of 2nd period - Stopped by Ville Husso without a rebound.
16:29 of 2nd period - Casey Mittelstadt wins face-off versus Patrice Bergeron in Vancouver Canucks zone.
16:29 of 2nd period - Casey Mittelstadt is hit by Kirby Dach.
16:37 of 2nd period - Snap shot by Casey Mittelstadt.
16:37 of 2nd period - Stopped by Thatcher Demko without a rebound.
16:38 of 2nd period - Nicholas Paul wins face-off versus Mikko Rantanen in Chicago Black Hawks zone.
17:12 of 2nd period - Slapshot by Bo Horvat.
17:12 of 2nd period - Stopped by Ville Husso with a rebound.
17:50 of 2nd period - Wrist shot by Anton Lundell.
17:50 of 2nd period - Deflect By Vincent Trocheck.
17:50 of 2nd period - Stopped by Thatcher Demko without a rebound.
17:51 of 2nd period - Nicholas Paul wins face-off versus Aleksander Barkov in Chicago Black Hawks zone.
18:11 of 2nd period - Minor Penalty to Brent Burns for Tripping.
18:12 of 2nd period - Patrice Bergeron wins face-off versus Casey Mittelstadt in Chicago Black Hawks zone.
18:40 of 2nd period - Marcus Pettersson is hit by Noah Hanifin and loses puck.
18:47 of 2nd period - Wrist shot by Artturi Lehkonen.
18:47 of 2nd period - Goal by Artturi Lehkonen - Chicago Black Hawks : 4 - Vancouver Canucks : 1.
18:48 of 2nd period - Patrice Bergeron wins face-off versus Aleksander Barkov in neutral zone.
18:51 of 2nd period - Aleksander Barkov is hit by Patrice Bergeron and loses puck.
19:22 of 2nd period - Slapshot by Conor Sheary.
19:22 of 2nd period - Stopped by Ville Husso with a rebound.
19:44 of 2nd period - Slapshot by Bo Horvat.
19:44 of 2nd period - Shot Blocked by Kasperi Kapanen.
Goals for this period are 3 for Chicago Black Hawks vs 1 for Vancouver Canucks.
Shots for this period are 11 for Chicago Black Hawks vs 14 for Vancouver Canucks.
3rd period
0:01 of 3rd period - Patrice Bergeron wins face-off versus Mikko Rantanen in neutral zone.
1:01 of 3rd period - Snap shot by Taylor Raddysh.
1:01 of 3rd period - Shot Blocked by Travis Sanheim.
1:15 of 3rd period - Miro Heiskanen is hit by Marcus Pettersson and loses puck.
2:01 of 3rd period - Cale Makar is hit by Artturi Lehkonen and loses puck.
3:36 of 3rd period - Slapshot by Mikko Rantanen.
3:36 of 3rd period - Stopped by Thatcher Demko with a rebound.
3:38 of 3rd period - Slapshot by Mikko Rantanen.
3:38 of 3rd period - Stopped by Thatcher Demko with a rebound.
4:32 of 3rd period - Slapshot by Jaden Schwartz.
4:32 of 3rd period - Stopped by Ville Husso with a rebound.
4:34 of 3rd period - Slapshot by Devon Toews.
4:34 of 3rd period - Stopped by Ville Husso without a rebound.
4:35 of 3rd period - Jesperi Kotkaniemi wins face-off versus Vincent Trocheck in Vancouver Canucks zone.
4:35 of 3rd period - Jesperi Kotkaniemi is hit by Vincent Trocheck.
4:45 of 3rd period - Slapshot by Kevin Fiala.
4:45 of 3rd period - Stopped by Ville Husso with a rebound.
4:47 of 3rd period - Slapshot by Bo Horvat.
4:47 of 3rd period - Shot Blocked by Robby Fabbri.
5:01 of 3rd period - Snap shot by Kirby Dach.
5:01 of 3rd period - Shot Misses the Net.
5:03 of 3rd period - Slapshot by Travis Sanheim.
5:03 of 3rd period - Deflect By Patrice Bergeron.
5:03 of 3rd period - Stopped by Ville Husso without a rebound.
5:04 of 3rd period - Mikko Rantanen wins face-off versus Patrice Bergeron in Vancouver Canucks zone.
5:21 of 3rd period - Wrist shot by Patrice Bergeron.
5:21 of 3rd period - Stopped by Ville Husso with a rebound.
5:23 of 3rd period - Slapshot by Travis Sanheim.
5:23 of 3rd period - Shot Misses the Net.
5:37 of 3rd period - Snap shot by Kirby Dach.
5:37 of 3rd period - Shot Blocked by Jacob Bryson.
5:41 of 3rd period - Slapshot by Patrice Bergeron.
5:41 of 3rd period - Shot Blocked by Jacob Bryson.
5:43 of 3rd period - Snap shot by Patrice Bergeron.
5:43 of 3rd period - Shot Misses the Net.
5:47 of 3rd period - Slapshot by Kirby Dach.
5:47 of 3rd period - Shot Misses the Net.
5:49 of 3rd period - Slapshot by Patrice Bergeron.
5:49 of 3rd period - Shot Misses the Net.
5:51 of 3rd period - Wrist shot by Barrett Hayton.
5:51 of 3rd period - Stopped by Ville Husso with a rebound.
5:53 of 3rd period - Slapshot by Kirby Dach.
5:53 of 3rd period - Deflect By Artturi Lehkonen.
5:53 of 3rd period - Stopped by Ville Husso with a rebound.
5:55 of 3rd period - Snap shot by Barrett Hayton.
5:55 of 3rd period - Stopped by Ville Husso with a rebound.
5:57 of 3rd period - Wrist shot by Patrice Bergeron.
5:57 of 3rd period - Shot Misses the Net.
5:59 of 3rd period - Wrist shot by Marcus Pettersson.
5:59 of 3rd period - Stopped by Ville Husso with a rebound.
6:17 of 3rd period - Wrist shot by Patrice Bergeron.
6:17 of 3rd period - Stopped by Ville Husso without a rebound.
6:18 of 3rd period - Aleksander Barkov wins face-off versus Nicholas Paul in Vancouver Canucks zone.
6:34 of 3rd period - Off-side.
6:35 of 3rd period - Bo Horvat wins face-off versus Kasperi Kapanen in neutral zone.
6:37 of 3rd period - Off-side.
6:38 of 3rd period - Bo Horvat wins face-off versus Casey Mittelstadt in neutral zone.
6:45 of 3rd period - Snap shot by Vincent Trocheck.
6:45 of 3rd period - Stopped by Ville Husso with a rebound.
6:47 of 3rd period - Snap shot by Vincent Trocheck.
6:47 of 3rd period - Stopped by Ville Husso with a rebound.
7:11 of 3rd period - Snap shot by Taylor Raddysh.
7:11 of 3rd period - Goal by Taylor Raddysh - Chicago Black Hawks : 4 - Vancouver Canucks : 2.
7:12 of 3rd period - Aleksander Barkov wins face-off versus Nicholas Paul in neutral zone.
7:39 of 3rd period - Casey Mittelstadt is hit by Kevin Fiala and loses puck.
8:08 of 3rd period - Wrist shot by Artturi Lehkonen.
8:08 of 3rd period - Shot Misses the Net.
8:10 of 3rd period - Snap shot by Miro Heiskanen.
8:10 of 3rd period - Shot Blocked by Travis Sanheim.
8:12 of 3rd period - Slapshot by Noah Hanifin.
8:12 of 3rd period - Shot Misses the Net.
8:14 of 3rd period - Snap shot by Artturi Lehkonen.
8:14 of 3rd period - Deflect By Mikko Rantanen.
8:14 of 3rd period - Shot Misses the Net.
8:14 of 3rd period - Puck is out of play.
8:15 of 3rd period - Shane Pinto wins face-off versus Aleksander Barkov in Chicago Black Hawks zone.
8:21 of 3rd period - Minor Penalty to Adam Boqvist for Tripping.
8:22 of 3rd period - Bo Horvat wins face-off versus Aleksander Barkov in Vancouver Canucks zone.
8:32 of 3rd period - Slapshot by Kevin Fiala.
8:32 of 3rd period - Stopped by Ville Husso with a rebound.
8:34 of 3rd period - Slapshot by Brent Burns.
8:34 of 3rd period - Stopped by Ville Husso with a rebound.
8:36 of 3rd period - Slapshot by Brent Burns.
8:36 of 3rd period - Stopped by Ville Husso without a rebound.
8:37 of 3rd period - Patrice Bergeron wins face-off versus Clayton Keller in Vancouver Canucks zone.
8:40 of 3rd period - Wrist shot by Kirby Dach.
8:40 of 3rd period - Shot Blocked by Miro Heiskanen.
8:42 of 3rd period - Slapshot by Devon Toews.
8:42 of 3rd period - Deflect By Barrett Hayton.
8:42 of 3rd period - Stopped by Ville Husso without a rebound.
8:43 of 3rd period - Patrice Bergeron wins face-off versus Clayton Keller in Vancouver Canucks zone.
9:08 of 3rd period - Noah Hanifin is hit by Patrice Bergeron and loses puck.
9:13 of 3rd period - Slapshot by Cale Makar.
9:13 of 3rd period - Goal by Cale Makar - Chicago Black Hawks : 5 - Vancouver Canucks : 2.
9:14 of 3rd period - Nicholas Paul wins face-off versus Aleksander Barkov in neutral zone.
9:37 of 3rd period - Minor Penalty to Devon Toews for Interference.
9:38 of 3rd period - Aleksander Barkov wins face-off versus Barrett Hayton in Chicago Black Hawks zone.
9:39 of 3rd period - Wrist shot by Clayton Keller.
9:39 of 3rd period - Shot Misses the Net.
9:41 of 3rd period - Wrist shot by Aleksander Barkov.
9:41 of 3rd period - Shot Misses the Net.
9:43 of 3rd period - Wrist shot by Mikko Rantanen.
9:43 of 3rd period - Shot Blocked by Barrett Hayton.
10:05 of 3rd period - Barrett Hayton is hit by Casey Mittelstadt and loses puck.
10:20 of 3rd period - Frederick Gaudreau is hit by Artturi Lehkonen and loses puck.
11:37 of 3rd period - Penalty to Devon Toews is over, Devon Toews is back on ice.
11:59 of 3rd period - Snap shot by Kevin Fiala.
11:59 of 3rd period - Stopped by Ville Husso with a rebound.
12:01 of 3rd period - Slapshot by Brent Burns.
12:01 of 3rd period - Shot Misses the Net.
12:28 of 3rd period - Wrist shot by Jesperi Kotkaniemi.
12:28 of 3rd period - Stopped by Thatcher Demko with a rebound.
13:04 of 3rd period - Wrist shot by Casey Mittelstadt.
13:04 of 3rd period - Shot Blocked by Patrice Bergeron.
14:06 of 3rd period - Kasperi Kapanen is hit by Marcus Pettersson and loses puck.
14:56 of 3rd period - Shane Pinto is hit by Mikko Rantanen and loses puck.
15:04 of 3rd period - Icing by Michael Rasmussen.
15:05 of 3rd period - Casey Mittelstadt wins face-off versus Shane Pinto in Chicago Black Hawks zone.
15:06 of 3rd period - Snap shot by Kasperi Kapanen.
15:06 of 3rd period - Stopped by Thatcher Demko with a rebound.
15:20 of 3rd period - Minor Penalty to Jesperi Kotkaniemi for Charging.
15:21 of 3rd period - Bo Horvat wins face-off versus Clayton Keller in Vancouver Canucks zone.
15:58 of 3rd period - Aleksander Barkov is hit by Kirby Dach and loses puck.
16:09 of 3rd period - Snap shot by Artturi Lehkonen.
16:09 of 3rd period - Shot Blocked by Seth Jones.
17:19 of 3rd period - Bo Horvat is hit by Noah Hanifin and loses puck.
17:20 of 3rd period - Penalty to Jesperi Kotkaniemi is over, Jesperi Kotkaniemi is back on ice.
17:20 of 3rd period - Bo Horvat from Chicago Black Hawks is injured at 17:20 of 3rd period (Bruised Left Shoulder).
17:21 of 3rd period - Mikko Rantanen wins face-off versus Patrice Bergeron in Chicago Black Hawks zone.
17:30 of 3rd period - Slapshot by Cale Makar.
17:30 of 3rd period - Stopped by Ville Husso without a rebound.
17:31 of 3rd period - Mikko Rantanen wins face-off versus Patrice Bergeron in Vancouver Canucks zone.
17:50 of 3rd period - Cale Makar is hit by Mikko Rantanen and loses puck.
17:56 of 3rd period - Icing by Brent Burns.
17:57 of 3rd period - Patrice Bergeron wins face-off versus Noah Cates in Chicago Black Hawks zone.
17:57 of 3rd period - Patrice Bergeron is hit by Adam Boqvist.
18:04 of 3rd period - Cale Makar is hit by Adam Boqvist and loses puck.
18:31 of 3rd period - Snap shot by Aleksander Barkov.
18:31 of 3rd period - Shot Misses the Net.
18:37 of 3rd period - Minor Penalty to Cale Makar for Hooking.
18:38 of 3rd period - Aleksander Barkov wins face-off versus Barrett Hayton in Chicago Black Hawks zone.
19:05 of 3rd period - Devon Toews is hit by Miro Heiskanen and loses puck.
19:14 of 3rd period - Snap shot by Artturi Lehkonen.
19:14 of 3rd period - Shot Blocked by Travis Sanheim.
19:44 of 3rd period - Slapshot by Devon Toews.
19:44 of 3rd period - Stopped by Ville Husso with a rebound.
Goals for this period are 1 for Chicago Black Hawks vs 1 for Vancouver Canucks.
Shots for this period are 20 for Chicago Black Hawks vs 5 for Vancouver Canucks.
Back to the Top